 Dungeon Crawl Stone Soup version 0.20.1-1-g8b1a95d (webtiles) character file.

70 wojtek the Purveyor of Pain (level 4, 0/24 HPs)
             Began as a Kobold Necromancer on Dec 24, 2017.
             Was an Initiate of Kikubaaqudgha.
             Killed by divine providence
             ... invoked by an orc priest
              (12 damage)
             ... on level 3 of the Dungeon.
             The game lasted 00:03:07 (2283 turns).

wojtek the Purveyor of Pain (Kobold Necromancer)    Turns: 2283, Time: 00:03:08

Health: 0/24       AC:  3    Str:  5    XL:     4   Next: 44%
Magic:  7/7        EV: 15    Int: 17    God:    Kikubaaqudgha [......]
Gold:   177        SH:  0    Dex: 15    Spells: 6/7 levels left

rFire    . . .     SeeInvis .   a - +0 dagger
rCold    . . .     Gourm    .   (shield restricted)
rNeg     . . .     Faith    .   p - +0 robe
rPois    .         Spirit   .   t - +0 helmet
rElec    .         Reflect  .   (no cloak)
rCorr    .         Harm     .   (no gloves)
MR       .....                  (no boots)
Stlth    ++........             (no amulet)
Regen    0.1/turn               (no ring)
MPRegen  0.1/turn               (no ring)

@: no status effects
A: carnivore 3
a: Renounce Religion


You were on level 3 of the Dungeon.
You worshipped Kikubaaqudgha.
Kikubaaqudgha was noncommittal.
You were completely stuffed.

You visited 1 branch of the dungeon, and saw 3 of its levels.

You collected 177 gold pieces.

Inventory:

Hand Weapons
 a - a +0 dagger (weapon)
Armour
 p - a +0 robe (worn)
 t - a +0 helmet (worn)
Scrolls
 d - a scroll of recharging {unknown}
 f - 2 scrolls of immolation {unknown}
 g - a scroll of fear {unknown}
 l - 2 scrolls of enchant armour {unknown}
 m - 2 scrolls of identify {unknown}
 o - 3 scrolls of teleportation {unknown}
 q - a scroll of fog {unknown}
 r - a scroll of enchant weapon {unknown}
 s - a scroll of magic mapping {unknown}
Potions
 e - 2 potions of heal wounds {unknown}
 h - a potion of resistance {unknown}
 j - a potion of curing {unknown}
 k - 2 potions of haste {unknown}
 n - a potion of berserk rage {unknown}
 u - a potion of mutation {unknown}
Books
 b - a book of Necromancy

   Spells                             Type                      Level
   a - Pain                           Necromancy                   1
   b - Animate Skeleton               Necromancy                   1
   c - Vampiric Draining              Necromancy                   3
   d - Regeneration                   Charms/Necromancy            3
   e - Animate Dead                   Necromancy                   4
   f - Control Undead                 Necromancy                   4
Comestibles
 c - a meat ration
 i - 2 royal jellies


   Skills:
 - Level 2.4 Dodging
 - Level 2.6 Stealth
 - Level 2.1 Spellcasting
 + Level 5.6 Necromancy


You had 6 spell levels left.
You knew the following spells:

 Your Spells              Type           Power        Failure   Level  Hunger
a - Pain                  Necr           ###.         1%          1    #......


Dungeon Overview and Level Annotations

Branches:
Dungeon (3/15)

Altars:
Hepliaklqana
Kikubaaqudgha


Innate Abilities, Weirdness & Mutations

You are small and have problems with some larger weapons.
You are carnivorous and can eat meat at any time.


Message History

Casting: Pain
Confirm with . or Enter, or press ? or * to list all spells.
You can't see any susceptible monsters within range! (Use Z to cast anyway.) Unknown command. 2 orc priests come into view.
You see here 18 gold pieces.
You now have 177 gold pieces (gained 18).
The orc priest shouts!
You enter the shallow water.
Moving in this stuff is going to be slow.
There is a dry fountain here.
The orc priest invokes the aid of Beogh against you.
Beogh smites you!
Ouch! That really hurt!
There is a stone staircase leading up here.
The orc priest mumbles some strange prayers to Beogh against you.
Beogh smites you!
Ouch! That really hurt!
You die...
Kikubaaqudgha rasps: "You have failed me!
Welcome... death!"

# .. #. #.
##.##.###
.........
###......###
..#........#
..........#
#.....@#
#......#.##
#......#..##
#.....o#...#
#.#........#
#...⌠......##
.....#..≈≈≈≈≈..#
.....##.o≈≈≈≈≈.#
# ....
##.≈≈≈≈≈..##.###


You could see an orc priest and an orc.

Vanquished Creatures
  4 adders (D:2)
  A dart slug (D:1)
  8 bats
  2 giant cockroaches
  3 goblins (D:1)
  A hobgoblin (D:1)
  A jackal (D:1)
  3 kobolds (D:1)
  A quokka (D:2)
  5 frilled lizards
  4 rats
33 creatures vanquished.

Notes
Turn   | Place    | Note
-------+----------+-------------------------------------------
     0 | D:1      | wojtek the Kobold Necromancer began the quest for the Orb.
     0 | D:1      | Reached XP level 1. HP: 10/10 MP: 3/3
   198 | D:1      | Reached XP level 2. HP: 4/15 MP: 0/5
  1125 | D:1      | Reached XP level 3. HP: 17/19 MP: 3/6
  1546 | D:2      | Found a hazy altar of Hepliaklqana.
  1613 | D:2      | Reached skill level 5 in Necromancy
  1804 | D:2      | Reached XP level 4. HP: 22/24 MP: 3/7
  2203 | D:3      | Found an ancient bone altar of Kikubaaqudgha.
  2214 | D:3      | Became a worshipper of Kikubaaqudgha
  2283 | D:3      | Killed from afar by an orc priest

Skill      XL: |  1  2  3 |
---------------+----------+-----
Necromancy     | 5 |  5.6
Dodging        | |  2.4
Stealth        | |  2.6
Spellcasting   | |  2.1

Action                   |  1- 3 |  4- 6 || total
-------------------------+-------+-------++-------
Melee: Unarmed           |    18 |       ||    18
       Dagger            |     3 |       ||     3
 Cast: Pain              |    42 |    12 ||    54
 Stab: Sleeping          |     3 |       ||     3
  Eat: Chunk             |    12 |     1 ||    13
Armor: Robe              |     1 |     1 ||     2
Dodge: Dodged            |    21 |     7 ||    28
